 Dungeon Crawl Stone Soup version 0.25-a0-1133-g93ebf739aa (webtiles) character file.

Game seed: 12336333549900218257, levelgen mode: deterministic

7031 Annonymus the Fighter (level 10, 0/93 (94) HPs)
             Began as a Green Draconian Berserker on May 21, 2020.
             Was a High Priest of Trog.
             Slain by an orc warrior
             ... wielding a +0 halberd of flaming
              (6 damage)
             ... on level 1 of the Orcish Mines on May 22, 2020.
             The game lasted 01:11:33 (10844 turns).

Annonymus the Fighter (Green Draconian Berserker)  Turns: 10844, Time: 01:11:34

HP:   0/93 (94)     AC:  7    Str: 20    XL:     10   Next: 82%
MP:   10/10         EV: 17    Int:  8    God:    Trog [*****.]
Gold: 535           SH:  0    Dex: 13    Spells: 9/9 levels left

rFire    . . .     SeeInvis .   G - +3 lajatang
rCold    . . .     Gourm    .   (shield currently unavailable)
rNeg     . . .     Faith    +   (armour unavailable)
rPois    +         Spirit   .   (helmet restricted)
rElec    .         Reflect  .   (no cloak)
rCorr    .         Harm     .   (no gloves)
MR       .....                  (no boots)
Stlth    +++.......             j - amulet of faith
HPRegen  0.25/turn              n - ring of poison resistance
MPRegen  0.12/turn              (no ring)

@: no status effects
A: breathe noxious fumes, unfitting armour, poison resistance, cold-blooded, AC
+7
a: Breathe Noxious Fumes, Berserk, Trog's Hand, Brothers in Arms, Renounce
Religion


You were on level 1 of the Orcish Mines.
You worshipped Trog.
Trog was extremely pleased with you.
You were not hungry.

You visited 2 branches of the dungeon, and saw 10 of its levels.
You also visited: Ossuary.

You collected 535 gold pieces.

Inventory:

Hand Weapons
 a - a +1 spear
 q - a +0 dagger of venom
 F - a +3 halberd of freezing
 G - a +3 lajatang (weapon)
Missiles
 l - 250 stones
 o - 24 boomerangs (quivered)
 p - a throwing net
Jewellery
 j - an amulet of faith (around neck)
 n - a ring of poison resistance (left hand)
 z - an uncursed amulet of regeneration
 D - an uncursed ring of ice
Wands
 x - a wand of polymorph (12)
 y - a wand of iceblast (6)
 C - a wand of flame (38)
 H - a wand of clouds (7)
Scrolls
 c - 5 scrolls of teleportation
 d - a scroll of enchant weapon
 g - 3 scrolls of magic mapping
 h - 4 scrolls of identify
 i - 4 scrolls of remove curse
 k - a scroll of amnesia
 r - 2 scrolls of random uselessness
 u - a scroll of fear
 v - a scroll of immolation {unknown}
 E - 2 scrolls of fog {unknown}
 I - a scroll of summoning {unknown}
Potions
 e - a potion of stabbing {unknown}
 f - 3 potions of heal wounds
 m - 2 potions of degeneration {unknown}
 s - 6 potions of curing
 t - a potion of magic {unknown}
 w - 2 potions of haste {unknown}
 A - 2 potions of lignification
 B - a potion of berserk rage {unknown}
Comestibles
 b - 20 rations
 J - a chunk of flesh


   Skills:
 * Level 10.3 Fighting
 - Level 9.3(9.4) Polearms
 * Level 1.1(6.0) Staves
 * Level 8.7 Dodging
 + Level 6.1 Stealth


You had 9 spell levels left.
You didn't know any spells.
Your spell library was empty.

Dungeon Overview and Level Annotations

Branches:
Dungeon (9/15)             Temple (0/1) D:6             Orc (1/2) D:9
Ossuary (visited)
   Lair: D:8-11

Altars:

Shops:
D:6 !   D:7 =   Orc:1 =

Annotations:
D:1 exclusion: downstairs
D:3 Ijyb, Sigmund
D:4 exclusion: 2 ogres, Eustachio
D:6 Blork the orc


Innate Abilities, Weirdness & Mutations

You can breathe blasts of noxious fumes.
Your lurid green scales are hard. (AC +7)
You cannot fit into any form of body armour.
Your system is resistant to poisons. (rPois)
You are cold-blooded and may be slowed by cold attacks.


Message History

You closely miss the orc. The orc warrior misses you.
The orc hits you with a +0 falchion.
You hit the orc. You tail-slap the orc.
You kill the orc!
Trog accepts your kill.
The orc warrior hits you from afar with a +0 halberd of flaming.
The orc warrior burns you. The orc warrior barely misses you.
Items here: ))) [[ ÷÷ You hit the orc warrior but do no damage.
The orc warrior barely misses you.
You barely miss the orc warrior.
The orc warrior hits you with a +0 halberd of flaming!!
* * * LOW HITPOINT WARNING * * *
The orc warrior burns you.
* * * LOW HITPOINT WARNING * * *
The orc warrior hits you from afar with a +0 halberd of flaming!!
* * * LOW HITPOINT WARNING * * *
The orc warrior burns you.
You die...

#..##...#
...#.#..###
..........##
.....#.....
..........##
.....>.....##
........o...##
.......[[....#
.......#@...##
.......#))...#
............##
.............#
.............#
...>........##
....#...∩...#
.........##


You could see an orc warrior.

Vanquished Creatures
  A two-headed ogre (D:9)
  Pikel (D:7)
  A troll (D:9)
  3 hippogriffs
  A wyvern (D:8)
  A spriggan (D:7)
  3 yaks (D:9)
  Menkaure (D:4)
  A water moccasin (D:6)
  Duvessa (D:6)
  4 orc warriors
  2 slaves
  An ice beast (D:6)
  A necrophage (D:8)
  2 phantoms
  6 ogres
  2 centaurs
  2 bullfrogs
  2 big kobolds (D:8)
  3 elf zombies (Ossuary)
  Dowan (D:6)
  4 scorpions
  3 wights (D:9)
  5 killer bees (D:8)
  5 crimson imps
  A bullfrog zombie (D:9)
  2 centaur zombies
  3 centaur skeletons
  4 hounds
  2 human zombies (Ossuary)
  6 orc priests
  A bullfrog skeleton (D:8)
  5 iguanas
  10 orc wizards
  5 worker ants
  A big kobold zombie (Ossuary)
  2 hound skeletons
  4 hound zombies
  3 mummies (Ossuary)
  8 gnolls
  13 adders
  2 shadow imps
  An ooze (D:3)
  An adder skeleton (D:9)
  2 adder zombies (D:7)
  5 worms
  2 dart slugs
  6 leopard geckos
  44 orcs
  A ball python (D:3)
  8 bats
  5 giant cockroaches
  A gnoll zombie (Ossuary)
  9 goblins
  10 hobgoblins
  8 jackals
  20 kobolds
  3 quokkas
  9 frilled lizards
  6 goblin zombies (Ossuary)
  3 hobgoblin zombies (Ossuary)
  4 jackal zombies
  2 kobold zombies (Ossuary)
  2 leopard gecko skeletons
  3 quokka zombies (Ossuary)
  9 rats
  7 rat zombies (Ossuary)
300 creatures vanquished.

Vanquished Creatures (others)
  A gnoll (D:7)
  A kobold (D:8)
2 creatures vanquished.

Grand Total: 302 creatures vanquished

Notes
Turn   | Place    | Note
-------+----------+-------------------------------------------
     0 | D:1      | Annonymus the Draconian Berserker began the quest for the
                  | Orb.
     0 | D:1      | Reached XP level 1. HP: 19/19 MP: 1/1
    91 | D:1      | Reached XP level 2. HP: 25/26 MP: 2/2
   273 | D:1      | Reached XP level 3. HP: 32/33 MP: 3/3
   477 | D:1      | Reached ** piety under Trog
  1412 | D:2      | Reached skill level 4 in Fighting
  1552 | D:2      | Reached XP level 4. HP: 33/40 MP: 4/4
  2197 | D:2      | Reached XP level 5. HP: 42/47 MP: 5/5
  2234 | D:2      | Reached skill level 1 in Stealth
  2609 | D:3      | Noticed Sigmund
  2656 | D:3      | Reached *** piety under Trog
  2877 | D:3      | Noticed Ijyb
  3375 | D:4      | Found a sand-covered staircase.
  3386 | Ossuary  | Entered an ossuary
  3414 | Ossuary  | Reached XP level 6. HP: 55/55 MP: 6/6
  3448 | Ossuary  | Reached skill level 5 in Fighting
  4137 | Ossuary  | Reached skill level 5 in Polearms
  4137 | Ossuary  | Your scales start taking on a lurid green colour.
  4137 | Ossuary  | Reached XP level 7. HP: 31/61 MP: 7/7
  4137 | Ossuary  | Gained mutation: Your system is resistant to poisons.
                  | (rPois) [Green Draconian growth]
  4506 | D:4      | Reached **** piety under Trog
  4930 | D:4      | Noticed Menkaure
  5014 | D:4      | Noticed Eustachio
  5182 | D:4      | Killed Menkaure
  5182 | D:4      | Reached skill level 6 in Fighting
  5182 | D:4      | Reached skill level 5 in Dodging
  5457 | D:5      | Entered Level 5 of the Dungeon
  5816 | D:5      | Reached XP level 8. HP: 71/71 MP: 8/8
  6254 | D:6      | Reached skill level 7 in Fighting
  6620 | D:6      | Found Gacic's Distillery.
  7022 | D:6      | Noticed Dowan
  7027 | D:6      | Noticed Duvessa
  7035 | D:6      | Killed Dowan
  7128 | D:6      | Found a staircase to the Ecumenical Temple.
  7290 | D:6      | Killed Duvessa
  7379 | D:6      | Noticed Blork the orc
  7390 | D:7      | Noticed Pikel
  7648 | D:7      | Killed Pikel
  7648 | D:7      | Reached skill level 8 in Fighting
  7648 | D:7      | Reached XP level 9. HP: 60/81 MP: 9/9
  7728 | D:7      | Found Eduoku Jouth's Jewellery Boutique.
  8819 | D:8      | Reached skill level 9 in Fighting
  8819 | D:8      | Reached skill level 5 in Stealth
  9302 | D:8      | Reached ***** piety under Trog
  9324 | D:8      | Reached XP level 10. HP: 81/90 MP: 10/10
  9458 | D:9      | Found a staircase to the Orcish Mines.
  9560 | D:9      | Received a gift from Trog
  9660 | D:9      | Noticed a two-headed ogre
  9690 | D:9      | Killed a two-headed ogre
  9988 | D:9      | Reached skill level 10 in Fighting
 10411 | Orc:1    | Entered Level 1 of the Orcish Mines
 10411 | Orc:1    | Found Qowinu's Jewellery Boutique.
 10444 | Orc:1    | HP: 1/92 [orc warrior/+0 short sword (13)]
 10453 | D:9      | Reached skill level 1 in Staves
 10844 | Orc:1    | Slain by an orc warrior

Illustrated notes

Levels and vault maps discovered:
D:1:      minmay_arrival_three_doors, layout_basic
D:2:      minmay_diamond_boxcup, layout_loops_corners, first_ration
D:3:      layout_loops_cross, chequers_serial_rivers_micro_d, uniq_ijyb,
          uniq_sigmund
D:4:      layout_loops_cross, minitemple, enter_ossuary_3, minmay_distorted,
          uniq_eustachio, uniq_menkaure
D:5:      layout_rooms
D:6:      layout_basic, minmay_temple_entry_overgrown, serial_shops,
          kennysheep_mini, uniq_duvessa, uniq_blork_the_orc
D:7:      layout_rooms, serial_shops, shop, the_bakery, uniq_pikel
D:8:      layout_basic, solitary_fountain
D:9:      layout_roguey, hiddenorc2_lemuel
Orc:1:    cheibrodos_orc_guarddog, layout_caves, serial_shops, shop,
          nicolae_orc_sculptors_studio

Skill      XL: |  1  2  3  4  5  6  7  8  9 10 |
---------------+-------------------------------+-----
Dodging        | 3 4 5 6 7 8 |  8.7
Fighting       | 4 5 6 8 9 10 | 10.3
Polearms       | 4 5 7 8 9 |  9.3
Stealth        | 1 2 3 4 5 6 |  6.1
Staves         | 1 |  1.1

Action                   |  1- 3 |  4- 6 |  7- 9 | 10-12 || total
-------------------------+-------+-------+-------+-------++-------
Melee: Spear             |   163 |   464 |   699 |    50 ||  1376
       Tailslap          |    15 |    53 |    95 |    26 ||   189
       Unarmed           |       |       |     6 |       ||     6
       Halberd           |       |       |       |   163 ||   163
       Lajatang          |       |       |       |    38 ||    38
Throw: Stone             |       |     7 |     6 |       ||    13
       Boomerang         |       |       |    13 |     9 ||    22
Invok: Trog's Hand       |     1 |     1 |     4 |     1 ||     7
       Berserk           |       |     1 |     1 |       ||     2
 Abil: Breathe Noxious F |       |       |     3 |     2 ||     5
Evoke: Wand              |       |       |     3 |       ||     3
  Use: Scroll            |       |       |    12 |     1 ||    13
 Stab: Sleeping          |       |     8 |     7 |     4 ||    19
       Confused          |       |       |     5 |       ||     5
       Distracted        |       |       |     1 |     1 ||     2
  Eat: Chunk             |     3 |     7 |     9 |     7 ||    26
       Ration            |       |     1 |     3 |       ||     4
Armor: Skin              |    25 |    99 |    88 |    32 ||   244
Dodge: Dodged            |    68 |   191 |   351 |   152 ||   762

Table legend:
 A = Non-vault XP
 B = Vault XP
 C = Vault XP percentage of total XP
 D = Non-vault monster count
 E = Vault monster count
 F = Vault count percentage of total count
                 A         B        C        D         E       F
            +---------+---------+-------+---------+---------+-------
      Total |    7578 |    2467 |  24.6 |     212 |      86 |  28.9
            +---------+---------+-------+---------+---------+-------
        D:1 |      54 |       0 |   0.0 |      33 |       0 |   0.0
        D:2 |     120 |      52 |  30.2 |      24 |      10 |  29.4
        D:3 |     105 |       0 |   0.0 |      24 |       0 |   0.0
        D:4 |     136 |     176 |  56.4 |      13 |       2 |  13.3
        D:5 |     249 |       0 |   0.0 |      12 |       0 |   0.0
        D:6 |    1064 |     208 |  16.4 |      20 |       2 |   9.1
        D:7 |     126 |     822 |  86.7 |       7 |       2 |  22.2
        D:8 |    1926 |       0 |   0.0 |      33 |       0 |   0.0
        D:9 |    3493 |     628 |  15.2 |      36 |      32 |  47.1
      Orc:1 |     305 |       0 |   0.0 |      10 |       0 |   0.0
    Ossuary |       0 |     581 | 100.0 |       0 |      38 | 100.0
            +---------+---------+-------+---------+---------+-------
